 Dungeon Crawl Stone Soup version 0.27.1-33-g824d729ab1 (webtiles) character file.

Game seed: 8846894416164212916

322 alasdair19 the Shield-Bearer (level 6, 0/56 HPs)
             Began as a Minotaur Fighter on Dec 6, 2021.
             Slain by a wight (1 damage)
             ... on level 4 of the Dungeon.
             The game lasted 00:08:38 (3206 turns).

alasdair19 the Shield-Bearer (Minotaur Fighter)     Turns: 3206, Time: 00:08:39

Health: 0/56       AC:  8    Str: 22    XL:     6   Next: 22%
Magic:  5/5        EV:  8    Int:  5    God:
Gold:   129        SH: 10    Dex: 10    Spells: 5/5 levels left

rFire    . . .     SeeInvis .   a - +0 long sword
rCold    . . .     Faith    .   c - +0 kite shield
rNeg     . . .     Spirit   .   b - +0 scale mail
rPois    .         Reflect  .   (helmet restricted)
rElec    .         Harm     .   (no cloak)
rCorr    .         Rampage  .   i - +0 pair of gloves
Will     .....                  (no boots)
Stlth    ..........             (no amulet)
HPRegen  0.18/turn              (no ring)
MPRegen  0.09/turn              (no ring)

@: mighty
A: horns 2, retaliatory headbutt
a: no special abilities


You were on level 4 of the Dungeon.
You visited 1 branch of the dungeon, and saw 4 of its levels.
You also visited: Sewer.

You collected 129 gold pieces.

Inventory:

Hand Weapons
 a - a +0 long sword (weapon)
Missiles
 k - a javelin (quivered)
Armour
 b - a +0 scale mail (worn)
 c - a +0 kite shield (worn)
 i - a +0 pair of gloves (worn)
Jewellery
 g - an amulet of faith
Wands
 h - a wand of paralysis (9)
Scrolls
 e - a scroll of enchant armour
Potions
 d - a potion of might
 f - 2 potions of mutation


   Skills:
 + Level 5.1 Fighting
 + Level 4.8 Long Blades
 * Level 0.6 Throwing
 + Level 4.7 Armour
 - Level 0.4 Dodging
 - Level 0.2 Stealth
 + Level 5.1 Shields
 * Level 0.4 Evocations


You had 5 spell levels left.
You didn't know any spells.
Your spell library contained the following spells:

 Spells                   Type           Power      Damage    Failure   Level
 Animate Skeleton         Necr           0%         N/A       99%         1
 Pain                     Necr           0%         1d4       99%         1
 Shock                    Conj/Air       0%         1d3       99%         1
 Swiftness                Air            0%         N/A       100%        3
 Vampiric Draining        Necr           0%         2d6       100%        3
 Airstrike                Air            0%         N/A       100%        4
 Cause Fear               Hex            0%         N/A       100%        4
 Dragon Form              Tmut           0%         N/A       100%        7
 Dragon's Call            Summ           0%         N/A       100%        9


Dungeon Overview and Level Annotations

Branches:
Dungeon (4/15)              Sewer (visited)
 Temple: D:4-7

Altars:
The Shining One

Shops:
D:4 [


Innate Abilities, Weirdness & Mutations

You have a pair of horns on your head.
You reflexively headbutt those who attack you in melee.


Message History

The wight is lightly damaged.
The wight hits you but does no damage.
You slash the wight!
The wight is heavily damaged.
A wight comes into view. It is wielding a +4 halberd.
A wight comes into view. It is wielding a +3 great sword.
You block the wight's attack.
You feel very mighty all of a sudden. You block the wight's attack.
You slash the wight!
You destroy the wight!
You block the wight's attack.
Your life force feels restored.
Your Shields skill increases to level 5!
You have reached level 6!
Your experience leads to an increase in your attributes!
Increase (S)trength, (I)ntelligence, or (D)exterity?
You feel stronger.
You slash the wight! You headbutt the wight.
The wight is almost destroyed.
The wight hits you from afar with a +4 halberd.
The wight hits you with a +2 short sword.
You slash the wight!
You destroy the wight!
The wight hits you from afar with a +4 halberd! x2
* * * LOW HITPOINT WARNING * * *
You feel drained.
* * * LOW HITPOINT WARNING * * *
Your life force feels restored.
Okay, then.
As you read the scroll labelled QIOCIOXTE OBOD, it crumbles to dust.
It is a scroll of amnesia.
You feel forgetful for a moment.
The wight hits you with a +3 great sword.
* * * LOW HITPOINT WARNING * * *
You block the wight's attack.
As you read the scroll labelled SUPENY QOOK, it crumbles to dust.
You feel a surge of unholy energy.
It was a scroll of torment.
The wight hits you with a +3 great sword.
You die...

### ... ..# #.# #.#
#.# #.# #@# #
#z######### .#
#z........## >#
#..........#.#
###...#####<..#
#.........##.##.#
........#<##.## .#
.(....(.....#...###.#
##.###..#.∩.#.#.....#


You could see 2 wights.

Vanquished Creatures
  A bullfrog (Sewer)
  2 wights (D:4)
  5 adders
  2 dart slugs
  5 orcs (D:3)
  12 endoplasms
  17 giant cockroaches
  7 goblins
  8 hobgoblins
  7 jackals
  A kobold (D:1)
  9 quokkas (Sewer)
  9 ball pythons
  6 bats
  11 frilled lizards
  5 rats
107 creatures vanquished.

Vanquished Creatures (others)
  3 plants (D:4)
3 creatures vanquished.

Grand Total: 110 creatures vanquished

Notes
Turn   | Place    | Note
-------+----------+-------------------------------------------
     0 | D:1      | alasdair19 the Minotaur Fighter began the quest for the
                  | Orb.
     0 | D:1      | Reached XP level 1. HP: 19/19 MP: 0/0
    60 | D:1      | Reached XP level 2. HP: 26/27 MP: 1/1
   737 | D:1      | Reached XP level 3. HP: 34/34 MP: 2/2
   842 | D:1      | Found a faded altar of an unknown god.
  1793 | D:3      | Found a glowing drain.
  1809 | Sewer    | Entered a sewer
  1849 | Sewer    | Reached XP level 4. HP: 40/41 MP: 3/3
  1988 | Sewer    | HP: 1/41 [frozen (5)]
  2483 | Sewer    | Noticed a bullfrog
  2489 | Sewer    | Killed a bullfrog
  2490 | Sewer    | Reached XP level 5. HP: 36/47 MP: 4/4
  2572 | D:3      | Reached skill level 5 in Fighting
  2655 | D:3      | Found a glowing golden altar of the Shining One.
  3169 | D:4      | Found Echothru's Antique Armour Emporium.
  3203 | D:4      | Reached skill level 5 in Shields
  3203 | D:4      | Reached XP level 6. HP: 51/56 MP: 5/5
  3205 | D:4      | HP: 1/56 [wight (5)]
  3206 | D:4      | Slain by a wight

Illustrated notes

Levels and vault maps discovered:
D:1:      minmay_arrival_arboretum_small, layout_loops_corners,
          dreamdust_ecumenical_altar_hidden_monk_grotto,
          minmay_tree_intersection, minmay_splitting_lines,
          minmay_split_cup_small
D:2:      layout_loops_ring
D:3:      layout_loops_cross, nicolae_tso_carved_into_rock,
          cheibrodos_sewer_entry_drain, hangedman_decor_clover_reticule,
          kennysheep_generic_room_8
D:4:      layout_loops_ring, ebering_ghost_sewer_d, serial_shops,
          nicolae_shop_stone, serial_bayou_pond_c, minmay_small_thing

Skill      XL: |  1  2  3  4  5 |
---------------+----------------+-----
Fighting       | 4 5 |  5.1
Shields        | 4 5 |  5.1
Long Blades    | 3 4 |  4.8
Armour         | 4 |  4.7
Throwing       | |  0.6
Dodging        | |  0.4
Stealth        | |  0.2
Evocations     | |  0.4

Action                   |  1- 3 |  4- 6 || total
-------------------------+-------+-------++-------
Melee: Long sword        |    87 |   133 ||   220
       Headbutt          |    11 |    18 ||    29
Throw: Javelin           |       |     3 ||     3
  Use: Scroll            |     3 |     3 ||     6
       Potion            |       |     2 ||     2
Armor: Scale mail        |    44 |    73 ||   117
Dodge: Dodged            |    24 |    52 ||    76
Block: Kite shield       |    44 |    68 ||   112
       Rpst.: Long sword |     6 |    11 ||    17
